Heat vs Devils
Created - March 8, 2022 at 19:07
Goals
|
| Heat |
1 |
2 |
2 |
1 |
6 |
| Devils |
1 |
2 |
2 |
0 |
5 |
|
Shots
|
| Heat |
5 |
17 |
8 |
3 |
33 |
| Devils |
5 |
10 |
8 |
1 |
24 |
|
1st period
1. Devils , Sam Bennett 15 (Logan Shaw 32) at 1:09
2. Heat , Tyler Shattock 6 (Peter Cehlarik 9, Ryan Spooner 17) at 3:16
Penalties :
Evgeny Svechnikov (Sto) for Interference (Minor) at 5:25
2nd period
3. Heat , Greg Pateryn 6 (Rasmus Andersson 16, Barclay Goodrow 8) at 8:50
4. Heat , Kevin Labanc 21 (Matthew Nieto 23, Victor Rask 28) at 11:33 (PP)
5. Devils , Darren Dietz 6 (Joonas Donskoi 22, Alan Quine 15) at 15:51 (PP)
6. Devils , Sam Bennett 16 (Logan Shaw 33) at 17:41 (PP)
Penalties :
Philip Varone (Sto) for Interference (Minor) at 1:36, Alan Quine (Bin) for Hooking (Minor) at 11:21, Valeri Nichushkin (Bin) for Holding (Minor) at 13:24, Frank Corrado (Sto) for Hooking (Minor) at 15:45, Frank Corrado (Sto) for Interference (Minor) at 17:33
3rd period
7. Devils , Joonas Donskoi 6 (Alan Quine 16, Valeri Nichushkin 8) at 9:59 (PP)
8. Heat , Ryan Spooner 7 (Victor Rask 29) at 10:26
9. Devils , Ben Hutton 7 (Logan Shaw 34, Sven Baertschi 17) at 10:42
10. Heat , Evgeny Svechnikov 8 (Jake DeBrusk 12) at 17:59
Penalties :
Victor Rask (Sto) for Tripping (Minor) at 8:24, Trevor Carrick (Sto) for Hooking (Minor) at 13:10
Overtime #1
11. Heat , Philip Varone 8 (Frank Corrado 9, Victor Rask 30) at 3:50
Penalties :
No Penalty
Goalie Stats
Michael Hutchinson (Sto), 19 saves from 24 shots - (0.792), W, 14-11-3, 63:50 minutes
Calvin Pickard (Bin), 27 saves from 33 shots - (0.818), OTL, 10-17-2, 63:50 minutes
Players Stats for Heat
Player Name G A P +/- PIM S H SB GA TA FO MP PP MP PK MP
------------------------------------------------------------------------------------
Barclay Goodrow 0 1 1 0 0 0 1 0 2 0 0/0 8:01 0:00 0:00
Evgeny Svechnikov 1 0 1 1 2 3 4 1 0 0 1/1 15:21 0:47 1:09
Frank Corrado 0 1 1 1 4 2 2 0 0 1 0/0 20:35 1:02 2:38
Greg Pateryn 1 0 1 1 0 4 4 4 0 6 0/0 31:37 1:09 5:08
Jake DeBrusk 0 1 1 1 0 4 0 1 1 1 0/1 18:48 0:47 4:43
Jesper Bratt 0 0 0 0 0 1 1 0 0 0 0/0 8:01 0:00 0:00
John Gilmour 0 0 0 1 0 0 0 0 0 0 0/0 11:36 0:00 0:00
Kevin Labanc 1 0 1 0 0 6 2 3 1 0 0/1 20:02 1:24 0:00
Mathieu Brodeur 0 0 0 1 0 1 3 2 0 1 0/0 20:37 1:02 2:38
Matthew Nieto 0 1 1 -1 0 2 2 0 0 0 1/1 22:17 1:24 1:18
Nico Sturm 0 0 0 0 0 1 0 0 0 0 1/3 11:20 0:00 1:59
Peter Cehlarik 0 1 1 2 0 0 1 0 0 0 2/3 13:14 0:00 2:04
Philip Varone 1 0 1 0 2 4 6 0 0 0 18/34 22:52 0:47 3:20
Rasmus Andersson 0 1 1 1 0 2 3 4 0 0 0/0 31:23 1:09 4:54
Ryan Spooner 1 1 2 2 0 2 3 0 0 0 1/2 13:04 0:00 0:59
Trevor Carrick 0 0 0 1 2 0 1 1 0 0 0/0 11:55 0:00 0:14
Tyler Shattock 1 0 1 2 0 1 1 1 0 1 0/0 10:35 0:00 0:00
Victor Rask 0 3 3 1 2 0 1 0 0 0 9/19 16:10 1:24 0:00
Players Stats for Devils
Player Name G A P +/- PIM S H SB GA TA FO MP PP MP PK MP
------------------------------------------------------------------------------------
Alan Quine 0 2 2 -1 2 2 0 0 0 1 12/18 19:27 3:30 0:24
Ben Hutton 1 0 1 -1 0 2 2 1 1 0 0/0 25:45 4:36 0:54
Brandon Carlo 0 0 0 -1 0 0 2 1 0 0 0/0 24:00 4:36 0:54
Brett Seney 0 0 0 -1 0 0 0 2 0 0 0/0 6:42 0:00 0:00
Christian Wolanin 0 0 0 -1 0 0 0 1 0 1 0/0 15:29 3:10 0:00
Conor Garland 0 0 0 -2 0 2 3 1 1 0 0/0 14:39 0:00 0:00
Dalton Thrower 0 0 0 -1 0 1 2 1 0 1 0/0 15:34 0:00 1:17
Darren Dietz 1 0 1 -1 0 3 2 0 1 0 0/0 20:24 3:10 1:17
Ilya Lyubushkin 0 0 0 0 0 0 1 1 1 0 0/0 12:58 0:00 0:00
Jake Bean 0 0 0 0 0 0 0 0 0 0 0/0 7:23 0:00 0:00
Joonas Donskoi 1 1 2 -1 0 2 2 0 0 0 0/0 20:27 3:30 0:26
Logan Shaw 0 3 3 0 0 5 3 0 1 0 1/5 26:57 4:16 1:21
Mason Marchment 0 0 0 1 0 0 1 0 0 0 0/1 8:46 0:00 0:39
Reid Boucher 0 0 0 -2 0 1 0 1 0 0 1/8 14:23 0:00 0:00
Robbie Russo 0 0 0 -1 0 0 0 0 0 0 0/0 7:58 0:00 0:00
Sam Bennett 2 0 2 0 0 4 3 0 1 1 17/30 25:20 4:16 0:26
Sven Baertschi 0 1 1 -1 0 0 1 2 2 0 1/2 26:47 4:16 1:06
Valeri Nichushkin 0 1 1 -1 2 2 1 0 2 0 0/1 20:08 3:30 0:00
3 Stars
1 - Ryan Spooner (Sto)
2 - Sam Bennett (Bin)
3 - Greg Pateryn (Sto)
Power Play
Heat - 1 on 2 Attempt(s) - 50.00%
Devils - 3 on 6 Attempt(s) - 50.00%
Penalty Kill
Heat - 3 on 6 Attempt(s) - 50.00%
- Score 0 goal in Penalty Kill
Devils - 1 on 2 Attempt(s) - 50.00%
- Score 0 goal in Penalty Kill
Team Stat
Heat - Hits : 35 - Faceoff Wins : 33 - Blocked Shots : 17 - Penalty Minutes : 12
Devils - Hits : 23 - Faceoff Wins : 32 - Blocked Shots : 11 - Penalty Minutes : 4
Official
Referees : Eric Furlatt and Marc Joannette
Linesman : Brad Kovachik and Shandor Alphonso
Game Notes
Brett Seney is injured at 12:44 of 2nd period (Sprained Right Knee)
Finance
Level 1 -- Attendance: 1847 (92.35%) -- Ticket Income $64,645
Level 2 -- Attendance: 991 (99.10%) -- Ticket Income $14,865
Total Attendance: 2838 (94.60%)
Total Ticket Income: $79,510
Other Income: $3,976
Total Income: $83,486
Heat
5 vs 5 Forward
Center Left Wing Right Wing Time % Phy DF OF
1 Philip Varone Matthew Nieto Kevin Labanc 40 1 2 2
2 Victor Rask Jake DeBrusk Evgeny Svechnikov 30 1 2 2
3 Ryan Spooner Peter Cehlarik Tyler Shattock 20 1 2 2
4 Nico Sturm Jesper Bratt Barclay Goodrow 10 1 2 2
5 vs 5 Defense
Defense Defense Time % Phy DF OF
1 Greg Pateryn Rasmus Andersson 40 1 2 2
2 Frank Corrado Mathieu Brodeur 30 1 2 2
3 John Gilmour Trevor Carrick 20 1 2 2
4 Greg Pateryn Rasmus Andersson 10 1 2 2
PowerPlay Forward
Center Left Wing Right Wing Time % Phy DF OF
1 Victor Rask Matthew Nieto Kevin Labanc 60 1 2 2
2 Philip Varone Jake DeBrusk Evgeny Svechnikov 40 1 2 2
PowerPlay Defense
Defense Defense Time % Phy DF OF
1 Greg Pateryn Rasmus Andersson 60 1 2 2
2 Frank Corrado Mathieu Brodeur 40 1 2 2
Penalty Kill 4 Players Forward
Center Wing Time % Phy DF OF
1 Philip Varone Jake DeBrusk 60 1 2 2
2 Nico Sturm Evgeny Svechnikov 40 1 2 2
Penalty Kill 4 Players Defense
Defense Defense Time % Phy DF OF
1 Greg Pateryn Rasmus Andersson 60 1 2 2
2 Frank Corrado Mathieu Brodeur 40 1 2 2
Penalty Kill - 3 Players Forward
Forward Time % Phy DF OF
1 Matthew Nieto 60 1 2 2
2 Kevin Labanc 40 1 2 2
Penalty Kill - 3 Players Defense
Defense Defense Time % Phy DF OF
1 Greg Pateryn Rasmus Andersson 60 1 2 2
2 Frank Corrado Mathieu Brodeur 40 1 2 2
4 vs 4 Forward
Center Wing Time % Phy DF OF
1 Victor Rask Matthew Nieto 60 1 2 2
2 Philip Varone Kevin Labanc 40 1 2 2
4 vs 4 Defense
Defense Defense Time % Phy DF OF
1 Greg Pateryn Rasmus Andersson 60 1 2 2
2 Frank Corrado Mathieu Brodeur 40 1 2 2
Last Minutes Offensive
Center Left Wing Right Wing Defense Defense
Philip Varone Matthew Nieto Kevin Labanc Greg Pateryn Rasmus Andersson
Last Minutes Defensive
Center Left Wing Right Wing Defense Defense
Philip Varone Matthew Nieto Kevin Labanc Greg Pateryn Rasmus Andersson
Goaltenders
Starting : Michael Hutchinson
Backup : Vitek Vanecek
Extra Forwards
Normal : Ryan Spooner, Nico Sturm, Peter Cehlarik - PP : Ryan Spooner, Nico Sturm - PK : Peter Cehlarik
Extra Defensemen
Normal : John Gilmour, Trevor Carrick, Frank Corrado - PP : John Gilmour - PK : Trevor Carrick, Frank Corrado
Penalty Shots
Matthew Nieto, Jake DeBrusk, Kevin Labanc, Evgeny Svechnikov, Victor Rask
Scratches
Alexander True (Healthy), Brandon Hickey (Healthy), Chris Brown (Healthy), Christian Jaros (Healthy), Dominik Masin (Healthy)
Eric Karlsson (Healthy), Petteri Lindbohm (Healthy), Ryan Donato (Healthy), Vladislav Kamenev (Healthy), Tage Thompson (Healthy)
Radim Zohorna (Healthy), Nathan Lieuwen (Healthy), Collin Delia (Healthy)
Devils
5 vs 5 Forward
Center Left Wing Right Wing Time % Phy DF OF
1 Sam Bennett Sven Baertschi Logan Shaw 40 0 2 3
2 Alan Quine Valeri Nichushkin Joonas Donskoi 30 0 2 3
3 Reid Boucher Brett Seney Conor Garland 20 0 2 3
4 Sam Bennett Mason Marchment Logan Shaw 10 0 2 3
5 vs 5 Defense
Defense Defense Time % Phy DF OF
1 Brandon Carlo Ben Hutton 34 0 3 2
2 Darren Dietz Dalton Thrower 30 0 3 2
3 Ilya Lyubushkin Christian Wolanin 22 0 3 2
4 Jake Bean Robbie Russo 14 0 3 2
PowerPlay Forward
Center Left Wing Right Wing Time % Phy DF OF
1 Sam Bennett Sven Baertschi Logan Shaw 60 0 1 4
2 Alan Quine Valeri Nichushkin Joonas Donskoi 40 0 1 4
PowerPlay Defense
Defense Defense Time % Phy DF OF
1 Brandon Carlo Ben Hutton 60 0 2 3
2 Darren Dietz Christian Wolanin 40 0 2 3
Penalty Kill 4 Players Forward
Center Wing Time % Phy DF OF
1 Logan Shaw Sven Baertschi 60 1 3 1
2 Sam Bennett Joonas Donskoi 40 1 3 1
Penalty Kill 4 Players Defense
Defense Defense Time % Phy DF OF
1 Darren Dietz Dalton Thrower 60 1 4 0
2 Brandon Carlo Ben Hutton 40 1 4 0
Penalty Kill - 3 Players Forward
Forward Time % Phy DF OF
1 Logan Shaw 60 1 3 1
2 Sven Baertschi 40 1 3 1
Penalty Kill - 3 Players Defense
Defense Defense Time % Phy DF OF
1 Brandon Carlo Ben Hutton 60 1 4 0
2 Darren Dietz Dalton Thrower 40 1 4 0
4 vs 4 Forward
Center Wing Time % Phy DF OF
1 Logan Shaw Sven Baertschi 60 1 2 2
2 Sam Bennett Joonas Donskoi 40 1 2 2
4 vs 4 Defense
Defense Defense Time % Phy DF OF
1 Brandon Carlo Ben Hutton 60 1 2 2
2 Darren Dietz Ilya Lyubushkin 40 1 2 2
Last Minutes Offensive
Center Left Wing Right Wing Defense Defense
Sam Bennett Sven Baertschi Logan Shaw Brandon Carlo Ben Hutton
Last Minutes Defensive
Center Left Wing Right Wing Defense Defense
Sam Bennett Sven Baertschi Logan Shaw Brandon Carlo Ben Hutton
Goaltenders
Starting : Calvin Pickard
Backup : Juuse Saros
Extra Forwards
Normal : Reid Boucher, Conor Garland, Brett Seney - PP : Reid Boucher, Conor Garland - PK : Brett Seney
Extra Defensemen
Normal : Robbie Russo, Christian Wolanin, Jake Bean - PP : Robbie Russo - PK : Christian Wolanin, Jake Bean
Penalty Shots
Logan Shaw, Sven Baertschi, Sam Bennett, Joonas Donskoi, Valeri Nichushkin
Scratches
Cristiano Digiacinto (Healthy), Jonny Brodzinski (Abdomen/Ribs Injury), Brett Howden (Strained Back Injury), Vincent Desharnais (Healthy)
% Time on Ice - Heat
Lines # - Real PCT - Wanted PCT - Time Play
Normal Forward
1 - 36% - 40% - 18:02
2 - 27% - 30% - 13:25
3 - 21% - 20% - 10:35
4 - 16% - 10% - 8:01
Normal Defense
1 - 42% - 40% - 21:02
2 - 30% - 30% - 15:14
3 - 22% - 20% - 11:01
4 - 6% - 10% - 2:46
PP Forward
1 - 64% - 60% - 1:24
2 - 36% - 40% - 0:47
PP Defense
1 - 53% - 60% - 1:09
2 - 47% - 40% - 1:02
PK Forward
1 - 74% - 60% - 5:47
2 - 26% - 40% - 1:59
PK Defense
1 - 66% - 60% - 5:08
2 - 34% - 40% - 2:38
PK3 Forward
1 - 0% - 60%
2 - 0% - 40%
PK3 Defense
1 - 0% - 60%
2 - 0% - 40%
44 Forward
1 - 81% - 60% - 3:07
2 - 19% - 40% - 0:43
44 Defense
1 - 40% - 60% - 1:32
2 - 60% - 40% - 2:18
Last Minute Offensive - 0:00
Last Minute Defensive - 0:00
Total
Forward - 63:50
Defense - 63:50
|
% Time on Ice - Devils
Lines # - Real PCT - Wanted PCT - Time Play
Normal Forward
1 - 29% - 40% - 14:27
2 - 34% - 30% - 17:05
3 - 23% - 20% - 11:20
4 - 14% - 10% - 7:11
Normal Defense
1 - 33% - 34% - 16:26
2 - 30% - 30% - 14:46
3 - 23% - 22% - 11:28
4 - 15% - 14% - 7:23
PP Forward
1 - 55% - 60% - 4:16
2 - 45% - 40% - 3:30
PP Defense
1 - 59% - 60% - 4:36
2 - 41% - 40% - 3:10
PK Forward
1 - 80% - 60% - 1:45
2 - 20% - 40% - 0:26
PK Defense
1 - 59% - 60% - 1:17
2 - 41% - 40% - 0:54
PK3 Forward
1 - 0% - 60%
2 - 0% - 40%
PK3 Defense
1 - 0% - 60%
2 - 0% - 40%
44 Forward
1 - 76% - 60% - 2:55
2 - 24% - 40% - 0:55
44 Defense
1 - 50% - 60% - 1:56
2 - 50% - 40% - 1:54
Last Minute Offensive - 0:00
Last Minute Defensive - 0:00
Total
Forward - 63:50
Defense - 63:50
|
Play-by-Play
1st period
0:01 of 1st period - Sam Bennett wins face-off versus Philip Varone in neutral zone.
0:55 of 1st period - Slapshot by Tyler Shattock.
0:55 of 1st period - Shot Blocked by Reid Boucher.
0:57 of 1st period - Slapshot by Greg Pateryn.
0:57 of 1st period - Stopped by Calvin Pickard without a rebound.
0:58 of 1st period - Sam Bennett wins face-off versus Nico Sturm in Devils zone.
1:03 of 1st period - Snap shot by Logan Shaw.
1:03 of 1st period - Shot Misses the Net.
1:05 of 1st period - Snap shot by Sam Bennett.
1:05 of 1st period - Shot Misses the Net.
1:07 of 1st period - Slapshot by Logan Shaw.
1:07 of 1st period - Shot Misses the Net.
1:09 of 1st period - Wrist shot by Sam Bennett.
1:09 of 1st period - Goal by Sam Bennett - Heat : 0 - Devils : 1.
1:10 of 1st period - Sam Bennett wins face-off versus Philip Varone in neutral zone.
1:22 of 1st period - Wrist shot by Logan Shaw.
1:22 of 1st period - Shot Blocked by Trevor Carrick.
1:47 of 1st period - Icing by Peter Cehlarik.
1:48 of 1st period - Peter Cehlarik wins face-off versus Reid Boucher in Heat zone.
2:04 of 1st period - Wrist shot by Conor Garland.
2:04 of 1st period - Stopped by Michael Hutchinson with a rebound.
2:34 of 1st period - Wrist shot by Peter Cehlarik.
2:34 of 1st period - Shot Misses the Net.
3:14 of 1st period - Wrist shot by Peter Cehlarik.
3:14 of 1st period - Shot Misses the Net.
3:16 of 1st period - Wrist shot by Tyler Shattock.
3:16 of 1st period - Goal by Tyler Shattock - Heat : 1 - Devils : 1.
3:17 of 1st period - Philip Varone wins face-off versus Alan Quine in neutral zone.
3:30 of 1st period - Wrist shot by Philip Varone.
3:30 of 1st period - Deflect By Kevin Labanc.
3:30 of 1st period - Stopped by Calvin Pickard without a rebound.
3:31 of 1st period - Alan Quine wins face-off versus Victor Rask in Devils zone.
3:31 of 1st period - Alan Quine is hit by Mathieu Brodeur.
3:37 of 1st period - Snap shot by Valeri Nichushkin.
3:37 of 1st period - Stopped by Michael Hutchinson with a rebound.
3:41 of 1st period - Wrist shot by Joonas Donskoi.
3:41 of 1st period - Shot Blocked by Mathieu Brodeur.
3:57 of 1st period - Ben Hutton is hit by Matthew Nieto and loses puck.
4:56 of 1st period - Sam Bennett is hit by Greg Pateryn and loses puck.
5:01 of 1st period - Slapshot by Kevin Labanc.
5:01 of 1st period - Shot Misses the Net.
5:03 of 1st period - Slapshot by Greg Pateryn.
5:03 of 1st period - Deflect By Philip Varone.
5:03 of 1st period - Stopped by Calvin Pickard without a rebound.
5:04 of 1st period - Victor Rask wins face-off versus Alan Quine in Devils zone.
5:25 of 1st period - Minor Penalty to Evgeny Svechnikov for Interference.
5:26 of 1st period - Philip Varone wins face-off versus Sam Bennett in Heat zone.
5:26 of 1st period - Philip Varone is hit by Logan Shaw.
7:18 of 1st period - Logan Shaw is hit by Greg Pateryn.
7:25 of 1st period - Penalty to Evgeny Svechnikov is over, Evgeny Svechnikov is back on ice.
7:48 of 1st period - Ben Hutton is hit by Philip Varone and loses puck.
8:11 of 1st period - Logan Shaw is hit by Mathieu Brodeur.
8:15 of 1st period - Mathieu Brodeur is hit by Logan Shaw and loses puck.
8:28 of 1st period - Mathieu Brodeur is hit by Dalton Thrower and loses puck.
10:19 of 1st period - Dalton Thrower is hit by Evgeny Svechnikov and loses puck.
10:38 of 1st period - Philip Varone is hit by Dalton Thrower and loses puck.
12:40 of 1st period - Darren Dietz is hit by Tyler Shattock and loses puck.
13:05 of 1st period - Logan Shaw is hit by Philip Varone and loses puck.
13:55 of 1st period - Robbie Russo is hit by Jesper Bratt and loses puck.
14:57 of 1st period - Wrist shot by Jake DeBrusk.
14:57 of 1st period - Shot Misses the Net.
15:35 of 1st period - Greg Pateryn is hit by Mason Marchment and loses puck.
16:09 of 1st period - Dalton Thrower is hit by Barclay Goodrow and loses puck.
16:20 of 1st period - Frank Corrado is hit by Ben Hutton and loses puck.
16:31 of 1st period - Slapshot by Matthew Nieto.
16:31 of 1st period - Deflect By Kevin Labanc.
16:31 of 1st period - Shot Blocked by Sven Baertschi.
16:31 of 1st period - Puck is out of play.
16:32 of 1st period - Sam Bennett wins face-off versus Philip Varone in Devils zone.
16:51 of 1st period - Dalton Thrower is hit by Evgeny Svechnikov and loses puck.
17:10 of 1st period - Snap shot by Peter Cehlarik.
17:10 of 1st period - Shot Misses the Net.
17:12 of 1st period - Snap shot by Ryan Spooner.
17:12 of 1st period - Shot Misses the Net.
17:14 of 1st period - Wrist shot by Ryan Spooner.
17:14 of 1st period - Stopped by Calvin Pickard without a rebound.
17:15 of 1st period - Philip Varone wins face-off versus Sam Bennett in Devils zone.
17:21 of 1st period - Icing by Sam Bennett.
17:22 of 1st period - Philip Varone wins face-off versus Sam Bennett in Devils zone.
17:46 of 1st period - Off-side.
17:47 of 1st period - Alan Quine wins face-off versus Victor Rask in neutral zone.
18:12 of 1st period - Dalton Thrower is hit by Kevin Labanc and loses puck.
18:29 of 1st period - Snap shot by Joonas Donskoi.
18:29 of 1st period - Shot Misses the Net.
18:33 of 1st period - Slapshot by Valeri Nichushkin.
18:33 of 1st period - Shot Blocked by Kevin Labanc.
18:35 of 1st period - Slapshot by Darren Dietz.
18:35 of 1st period - Stopped by Michael Hutchinson without a rebound.
18:36 of 1st period - Sam Bennett wins face-off versus Victor Rask in Heat zone.
18:37 of 1st period - Snap shot by Logan Shaw.
18:37 of 1st period - Stopped by Michael Hutchinson with a rebound.
18:39 of 1st period - Slapshot by Brandon Carlo.
18:39 of 1st period - Shot Blocked by Jake DeBrusk.
18:41 of 1st period - Wrist shot by Sven Baertschi.
18:41 of 1st period - Shot Misses the Net.
18:49 of 1st period - Snap shot by Sven Baertschi.
18:49 of 1st period - Shot Hit the Post.
Goals for this period are 1 for Heat vs 1 for Devils.
Shots for this period are 5 for Heat vs 5 for Devils.
2nd period
0:01 of 2nd period - Sam Bennett wins face-off versus Philip Varone in neutral zone.
0:25 of 2nd period - Jake DeBrusk is hit by Valeri Nichushkin and loses puck.
0:32 of 2nd period - Wrist shot by Alan Quine.
0:32 of 2nd period - Deflect By Rasmus Andersson.
0:32 of 2nd period - Stopped by Michael Hutchinson without a rebound.
0:33 of 2nd period - Sam Bennett wins face-off versus Philip Varone in Heat zone.
0:42 of 2nd period - Snap shot by Logan Shaw.
0:42 of 2nd period - Shot Blocked by Kevin Labanc.
0:58 of 2nd period - Slapshot by Darren Dietz.
0:58 of 2nd period - Stopped by Michael Hutchinson without a rebound.
0:59 of 2nd period - Alan Quine wins face-off versus Victor Rask in Heat zone.
1:33 of 2nd period - Snap shot by Logan Shaw.
1:33 of 2nd period - Stopped by Michael Hutchinson without a rebound.
1:34 of 2nd period - Philip Varone wins face-off versus Reid Boucher in Heat zone.
1:36 of 2nd period - Minor Penalty to Philip Varone for Interference.
1:37 of 2nd period - Peter Cehlarik wins face-off versus Sam Bennett in Heat zone.
1:37 of 2nd period - Peter Cehlarik is hit by Sam Bennett.
1:48 of 2nd period - Wrist shot by Sven Baertschi.
1:48 of 2nd period - Shot Hit the Post.
2:07 of 2nd period - Slapshot by Darren Dietz.
2:07 of 2nd period - Shot Blocked by Rasmus Andersson.
2:09 of 2nd period - Slapshot by Alan Quine.
2:09 of 2nd period - Stopped by Michael Hutchinson without a rebound.
2:10 of 2nd period - Ryan Spooner wins face-off versus Sven Baertschi in Heat zone.
2:10 of 2nd period - Ryan Spooner is hit by Sam Bennett.
2:20 of 2nd period - Jake DeBrusk is hit by Darren Dietz and loses puck.
2:36 of 2nd period - Off-side.
2:37 of 2nd period - Alan Quine wins face-off versus Peter Cehlarik in neutral zone.
3:08 of 2nd period - Jake DeBrusk is hit by Sam Bennett.
3:22 of 2nd period - Slapshot by Rasmus Andersson.
3:22 of 2nd period - Shot Blocked by Christian Wolanin.
3:36 of 2nd period - Penalty to Philip Varone is over, Philip Varone is back on ice.
3:45 of 2nd period - Snap shot by Evgeny Svechnikov.
3:45 of 2nd period - Deflect By Brett Seney.
3:45 of 2nd period - Stopped by Calvin Pickard without a rebound.
3:46 of 2nd period - Reid Boucher wins face-off versus Philip Varone in Devils zone.
4:22 of 2nd period - Slapshot by Nico Sturm.
4:22 of 2nd period - Deflect By Barclay Goodrow.
4:22 of 2nd period - Shot Blocked by Ben Hutton.
4:22 of 2nd period - Puck is out of play.
4:23 of 2nd period - Alan Quine wins face-off versus Victor Rask in Devils zone.
4:28 of 2nd period - Joonas Donskoi is hit by Victor Rask and loses puck.
4:33 of 2nd period - Wrist shot by Jake DeBrusk.
4:33 of 2nd period - Shot Misses the Net.
4:35 of 2nd period - Snap shot by Evgeny Svechnikov.
4:35 of 2nd period - Stopped by Calvin Pickard with a rebound.
4:37 of 2nd period - Snap shot by Evgeny Svechnikov.
4:37 of 2nd period - Shot Misses the Net.
4:39 of 2nd period - Snap shot by Evgeny Svechnikov.
4:39 of 2nd period - Deflect By Jake DeBrusk.
4:39 of 2nd period - Shot Blocked by Dalton Thrower.
4:39 of 2nd period - Puck is out of play.
4:40 of 2nd period - Philip Varone wins face-off versus Sam Bennett in Devils zone.
4:45 of 2nd period - Snap shot by Philip Varone.
4:45 of 2nd period - Shot Misses the Net.
4:47 of 2nd period - Slapshot by Rasmus Andersson.
4:47 of 2nd period - Stopped by Calvin Pickard with a rebound.
4:49 of 2nd period - Slapshot by Greg Pateryn.
4:49 of 2nd period - Stopped by Calvin Pickard without a rebound.
4:50 of 2nd period - Matthew Nieto wins face-off versus Sam Bennett in Devils zone.
5:01 of 2nd period - Ben Hutton is hit by Rasmus Andersson.
5:11 of 2nd period - Snap shot by Logan Shaw.
5:11 of 2nd period - Deflect By Matthew Nieto.
5:11 of 2nd period - Stopped by Michael Hutchinson with a rebound.
5:27 of 2nd period - Slapshot by Kevin Labanc.
5:27 of 2nd period - Shot Misses the Net.
5:47 of 2nd period - Snap shot by Kevin Labanc.
5:47 of 2nd period - Shot Misses the Net.
6:38 of 2nd period - Slapshot by Sam Bennett.
6:38 of 2nd period - Shot Blocked by Greg Pateryn.
6:44 of 2nd period - Wrist shot by Philip Varone.
6:44 of 2nd period - Stopped by Calvin Pickard without a rebound.
6:45 of 2nd period - Alan Quine wins face-off versus Victor Rask in Devils zone.
6:56 of 2nd period - Snap shot by Jake DeBrusk.
6:56 of 2nd period - Stopped by Calvin Pickard without a rebound.
6:57 of 2nd period - Victor Rask wins face-off versus Alan Quine in Devils zone.
8:05 of 2nd period - Wrist shot by Jake DeBrusk.
8:05 of 2nd period - Stopped by Calvin Pickard without a rebound.
8:06 of 2nd period - Victor Rask wins face-off versus Reid Boucher in Devils zone.
8:25 of 2nd period - John Gilmour is hit by Darren Dietz.
8:48 of 2nd period - Wrist shot by Rasmus Andersson.
8:48 of 2nd period - Shot Blocked by Conor Garland.
8:50 of 2nd period - Wrist shot by Greg Pateryn.
8:50 of 2nd period - Goal by Greg Pateryn - Heat : 2 - Devils : 1.
8:51 of 2nd period - Sam Bennett wins face-off versus Philip Varone in neutral zone.
8:56 of 2nd period - Philip Varone is hit by Sven Baertschi and loses puck.
9:46 of 2nd period - Off-side.
9:47 of 2nd period - Philip Varone wins face-off versus Sam Bennett in neutral zone.
9:50 of 2nd period - Logan Shaw is hit by Philip Varone and loses puck.
9:57 of 2nd period - Kevin Labanc is hit by Logan Shaw and loses puck.
10:23 of 2nd period - Slapshot by Joonas Donskoi.
10:23 of 2nd period - Shot Blocked by Evgeny Svechnikov.
10:41 of 2nd period - Slapshot by Ben Hutton.
10:41 of 2nd period - Shot Blocked by Tyler Shattock.
10:43 of 2nd period - Wrist shot by Reid Boucher.
10:43 of 2nd period - Stopped by Michael Hutchinson with a rebound.
10:59 of 2nd period - Wrist shot by Logan Shaw.
10:59 of 2nd period - Stopped by Michael Hutchinson without a rebound.
11:00 of 2nd period - Alan Quine wins face-off versus Philip Varone in Heat zone.
11:15 of 2nd period - Snap shot by Matthew Nieto.
11:15 of 2nd period - Stopped by Calvin Pickard with a rebound.
11:21 of 2nd period - Minor Penalty to Alan Quine for Hooking.
11:22 of 2nd period - Victor Rask wins face-off versus Logan Shaw in Devils zone.
11:27 of 2nd period - Snap shot by Matthew Nieto.
11:27 of 2nd period - Stopped by Calvin Pickard without a rebound.
11:28 of 2nd period - Victor Rask wins face-off versus Logan Shaw in Devils zone.
11:33 of 2nd period - Wrist shot by Kevin Labanc.
11:33 of 2nd period - Goal by Kevin Labanc - Heat : 3 - Devils : 1.
11:34 of 2nd period - Philip Varone wins face-off versus Sam Bennett in neutral zone.
11:37 of 2nd period - Brandon Carlo is hit by Greg Pateryn and loses puck.
12:00 of 2nd period - Victor Rask is hit by Ben Hutton.
12:10 of 2nd period - Wrist shot by Jake DeBrusk.
12:10 of 2nd period - Stopped by Calvin Pickard with a rebound.
12:42 of 2nd period - Wrist shot by Peter Cehlarik.
12:42 of 2nd period - Shot Blocked by Brett Seney.
12:44 of 2nd period - Slapshot by Trevor Carrick.
12:44 of 2nd period - Shot Blocked by Brett Seney.
12:44 of 2nd period - Brett Seney from Devils is injured at 12:44 of 2nd period (Sprained Right Knee).
12:45 of 2nd period - Philip Varone wins face-off versus Sam Bennett in Devils zone.
12:54 of 2nd period - Snap shot by Kevin Labanc.
12:54 of 2nd period - Shot Blocked by Brandon Carlo.
13:10 of 2nd period - Conor Garland is hit by Rasmus Andersson and loses puck.
13:24 of 2nd period - Minor Penalty to Valeri Nichushkin for Holding.
13:25 of 2nd period - Logan Shaw wins face-off versus Victor Rask in Devils zone.
14:06 of 2nd period - Sven Baertschi is hit by Rasmus Andersson.
15:14 of 2nd period - Matthew Nieto is hit by Brandon Carlo and loses puck.
15:21 of 2nd period - Logan Shaw is hit by Matthew Nieto and loses puck.
15:24 of 2nd period - Penalty to Valeri Nichushkin is over, Valeri Nichushkin is back on ice.
15:38 of 2nd period - Tyler Shattock is hit by Conor Garland and loses puck.
15:45 of 2nd period - Minor Penalty to Frank Corrado for Hooking.
15:46 of 2nd period - Alan Quine wins face-off versus Philip Varone in Heat zone.
15:47 of 2nd period - Slapshot by Joonas Donskoi.
15:47 of 2nd period - Shot Misses the Net.
15:49 of 2nd period - Snap shot by Joonas Donskoi.
15:49 of 2nd period - Shot Misses the Net.
15:51 of 2nd period - Slapshot by Darren Dietz.
15:51 of 2nd period - Goal by Darren Dietz - Heat : 3 - Devils : 2.
15:52 of 2nd period - Sam Bennett wins face-off versus Philip Varone in neutral zone.
16:17 of 2nd period - Ben Hutton is hit by Kevin Labanc and loses puck.
16:26 of 2nd period - Wrist shot by Kevin Labanc.
16:26 of 2nd period - Stopped by Calvin Pickard without a rebound.
16:27 of 2nd period - Victor Rask wins face-off versus Alan Quine in Devils zone.
16:41 of 2nd period - Off-side.
16:42 of 2nd period - Philip Varone wins face-off versus Reid Boucher in neutral zone.
17:28 of 2nd period - Snap shot by Conor Garland.
17:28 of 2nd period - Shot Misses the Net.
17:30 of 2nd period - Slapshot by Ben Hutton.
17:30 of 2nd period - Deflect By Conor Garland.
17:30 of 2nd period - Stopped by Michael Hutchinson without a rebound.
17:31 of 2nd period - Victor Rask wins face-off versus Valeri Nichushkin in Heat zone.
17:33 of 2nd period - Minor Penalty to Frank Corrado for Interference.
17:34 of 2nd period - Sam Bennett wins face-off versus Philip Varone in Heat zone.
17:39 of 2nd period - Slapshot by Logan Shaw.
17:39 of 2nd period - Shot Blocked by Greg Pateryn.
17:41 of 2nd period - Slapshot by Sam Bennett.
17:41 of 2nd period - Goal by Sam Bennett - Heat : 3 - Devils : 3.
17:42 of 2nd period - Philip Varone wins face-off versus Sam Bennett in neutral zone.
17:47 of 2nd period - Snap shot by Matthew Nieto.
17:47 of 2nd period - Shot Misses the Net.
17:49 of 2nd period - Wrist shot by Kevin Labanc.
17:49 of 2nd period - Shot Misses the Net.
17:51 of 2nd period - Wrist shot by Philip Varone.
17:51 of 2nd period - Stopped by Calvin Pickard with a rebound.
18:07 of 2nd period - Rasmus Andersson is hit by Joonas Donskoi.
18:11 of 2nd period - Wrist shot by Victor Rask.
18:11 of 2nd period - Shot Blocked by Ilya Lyubushkin.
18:13 of 2nd period - Wrist shot by Evgeny Svechnikov.
18:13 of 2nd period - Shot Misses the Net.
18:15 of 2nd period - Wrist shot by Mathieu Brodeur.
18:15 of 2nd period - Stopped by Calvin Pickard with a rebound.
18:17 of 2nd period - Wrist shot by Evgeny Svechnikov.
18:17 of 2nd period - Shot Misses the Net.
18:45 of 2nd period - Slapshot by Frank Corrado.
18:45 of 2nd period - Deflect By Darren Dietz.
18:45 of 2nd period - Stopped by Calvin Pickard without a rebound.
18:46 of 2nd period - Nico Sturm wins face-off versus Mason Marchment in Devils zone.
18:55 of 2nd period - Wrist shot by Jesper Bratt.
18:55 of 2nd period - Stopped by Calvin Pickard with a rebound.
Goals for this period are 2 for Heat vs 2 for Devils.
Shots for this period are 17 for Heat vs 10 for Devils.
3rd period
0:01 of 3rd period - Philip Varone wins face-off versus Sam Bennett in neutral zone.
0:11 of 3rd period - Snap shot by Sam Bennett.
0:11 of 3rd period - Stopped by Michael Hutchinson with a rebound.
0:27 of 3rd period - Brandon Carlo is hit by Evgeny Svechnikov and loses puck.
1:32 of 3rd period - Wrist shot by Joonas Donskoi.
1:32 of 3rd period - Shot Blocked by Mathieu Brodeur.
2:15 of 3rd period - Wrist shot by Kevin Labanc.
2:15 of 3rd period - Stopped by Calvin Pickard without a rebound.
2:16 of 3rd period - Victor Rask wins face-off versus Reid Boucher in Devils zone.
2:38 of 3rd period - Icing by Jake Bean.
2:39 of 3rd period - Alan Quine wins face-off versus Victor Rask in Devils zone.
2:48 of 3rd period - Evgeny Svechnikov is hit by Joonas Donskoi and loses puck.
3:35 of 3rd period - Brandon Carlo is hit by Ryan Spooner and loses puck.
3:39 of 3rd period - Icing by Ben Hutton.
3:40 of 3rd period - Victor Rask wins face-off versus Reid Boucher in Devils zone.
3:43 of 3rd period - Wrist shot by Evgeny Svechnikov.
3:43 of 3rd period - Shot Misses the Net.
4:22 of 3rd period - Wrist shot by Sam Bennett.
4:22 of 3rd period - Shot Misses the Net.
4:24 of 3rd period - Slapshot by Dalton Thrower.
4:24 of 3rd period - Stopped by Michael Hutchinson with a rebound.
4:26 of 3rd period - Wrist shot by Sam Bennett.
4:26 of 3rd period - Shot Blocked by Greg Pateryn.
4:38 of 3rd period - Slapshot by Rasmus Andersson.
4:38 of 3rd period - Stopped by Calvin Pickard with a rebound.
5:44 of 3rd period - Wrist shot by Ryan Spooner.
5:44 of 3rd period - Shot Misses the Net.
5:46 of 3rd period - Slapshot by Peter Cehlarik.
5:46 of 3rd period - Shot Misses the Net.
6:00 of 3rd period - Mathieu Brodeur is hit by Brandon Carlo and loses puck.
6:17 of 3rd period - Alan Quine is hit by Philip Varone and loses puck.
7:37 of 3rd period - Alan Quine is hit by Ryan Spooner and loses puck.
7:44 of 3rd period - Wrist shot by Peter Cehlarik.
7:44 of 3rd period - Deflect By Tyler Shattock.
7:44 of 3rd period - Shot Hit the Post.
7:44 of 3rd period - Puck is out of play.
7:45 of 3rd period - Sam Bennett wins face-off versus Philip Varone in Devils zone.
7:54 of 3rd period - Wrist shot by Kevin Labanc.
7:54 of 3rd period - Stopped by Calvin Pickard with a rebound.
8:00 of 3rd period - Darren Dietz is hit by Mathieu Brodeur.
8:04 of 3rd period - Sam Bennett is hit by Philip Varone and loses puck.
8:19 of 3rd period - Slapshot by Jake DeBrusk.
8:19 of 3rd period - Stopped by Calvin Pickard without a rebound.
8:20 of 3rd period - Evgeny Svechnikov wins face-off versus Alan Quine in Devils zone.
8:21 of 3rd period - Slapshot by Victor Rask.
8:21 of 3rd period - Shot Misses the Net.
8:23 of 3rd period - Snap shot by Frank Corrado.
8:23 of 3rd period - Shot Misses the Net.
8:24 of 3rd period - Minor Penalty to Victor Rask for Tripping.
8:25 of 3rd period - Sam Bennett wins face-off versus Philip Varone in Heat zone.
8:26 of 3rd period - Snap shot by Logan Shaw.
8:26 of 3rd period - Shot Blocked by Greg Pateryn.
8:28 of 3rd period - Slapshot by Brandon Carlo.
8:28 of 3rd period - Deflect By Sam Bennett.
8:28 of 3rd period - Shot Misses the Net.
8:28 of 3rd period - Puck is out of play.
8:29 of 3rd period - Philip Varone wins face-off versus Sam Bennett in Heat zone.
8:42 of 3rd period - Slapshot by Ben Hutton.
8:42 of 3rd period - Stopped by Michael Hutchinson with a rebound.
8:44 of 3rd period - Slapshot by Ben Hutton.
8:44 of 3rd period - Shot Blocked by Rasmus Andersson.
9:31 of 3rd period - Icing by Logan Shaw.
9:32 of 3rd period - Sam Bennett wins face-off versus Nico Sturm in Devils zone.
9:47 of 3rd period - Wrist shot by Valeri Nichushkin.
9:47 of 3rd period - Stopped by Michael Hutchinson without a rebound.
9:48 of 3rd period - Alan Quine wins face-off versus Philip Varone in Heat zone.
9:57 of 3rd period - Snap shot by Joonas Donskoi.
9:57 of 3rd period - Shot Misses the Net.
9:59 of 3rd period - Wrist shot by Joonas Donskoi.
9:59 of 3rd period - Goal by Joonas Donskoi - Heat : 3 - Devils : 4.
10:00 of 3rd period - Philip Varone wins face-off versus Logan Shaw in neutral zone.
10:05 of 3rd period - Snap shot by Greg Pateryn.
10:05 of 3rd period - Shot Blocked by Sven Baertschi.
10:07 of 3rd period - Snap shot by Greg Pateryn.
10:07 of 3rd period - Stopped by Calvin Pickard with a rebound.
10:26 of 3rd period - Wrist shot by Ryan Spooner.
10:26 of 3rd period - Goal by Ryan Spooner - Heat : 4 - Devils : 4.
10:27 of 3rd period - Sam Bennett wins face-off versus Kevin Labanc in neutral zone.
10:30 of 3rd period - Snap shot by Sven Baertschi.
10:30 of 3rd period - Shot Misses the Net.
10:32 of 3rd period - Snap shot by Sven Baertschi.
10:32 of 3rd period - Shot Misses the Net.
10:34 of 3rd period - Wrist shot by Logan Shaw.
10:34 of 3rd period - Shot Blocked by Kevin Labanc.
10:40 of 3rd period - Snap shot by Logan Shaw.
10:40 of 3rd period - Stopped by Michael Hutchinson with a rebound.
10:42 of 3rd period - Slapshot by Ben Hutton.
10:42 of 3rd period - Deflect By Kevin Labanc.
10:42 of 3rd period - Goal by Ben Hutton - Heat : 4 - Devils : 5.
10:43 of 3rd period - Philip Varone wins face-off versus Logan Shaw in neutral zone.
11:08 of 3rd period - Victor Rask is hit by Conor Garland and loses puck.
11:16 of 3rd period - Off-side.
11:17 of 3rd period - Alan Quine wins face-off versus Jake DeBrusk in neutral zone.
11:22 of 3rd period - Snap shot by Joonas Donskoi.
11:22 of 3rd period - Stopped by Michael Hutchinson without a rebound.
11:23 of 3rd period - Alan Quine wins face-off versus Victor Rask in Heat zone.
11:51 of 3rd period - Snap shot by Logan Shaw.
11:51 of 3rd period - Deflect By Sven Baertschi.
11:51 of 3rd period - Shot Misses the Net.
11:51 of 3rd period - Puck is out of play.
11:52 of 3rd period - Philip Varone wins face-off versus Sam Bennett in Heat zone.
12:07 of 3rd period - Slapshot by Logan Shaw.
12:07 of 3rd period - Shot Misses the Net.
12:19 of 3rd period - Alan Quine is hit by Evgeny Svechnikov and loses puck.
13:10 of 3rd period - Minor Penalty to Trevor Carrick for Hooking.
13:11 of 3rd period - Sam Bennett wins face-off versus Philip Varone in Heat zone.
13:21 of 3rd period - Off-side.
13:22 of 3rd period - Sam Bennett wins face-off versus Philip Varone in neutral zone.
13:37 of 3rd period - Slapshot by Ben Hutton.
13:37 of 3rd period - Shot Blocked by Rasmus Andersson.
14:19 of 3rd period - Christian Wolanin is hit by Frank Corrado.
15:10 of 3rd period - Penalty to Trevor Carrick is over, Trevor Carrick is back on ice.
15:42 of 3rd period - Slapshot by Jesper Bratt.
15:42 of 3rd period - Shot Misses the Net.
16:41 of 3rd period - Sam Bennett is hit by Trevor Carrick.
16:59 of 3rd period - Logan Shaw is hit by Greg Pateryn and loses puck.
17:22 of 3rd period - Robbie Russo is hit by Ryan Spooner and loses puck.
17:40 of 3rd period - Icing by Jake Bean.
17:41 of 3rd period - Philip Varone wins face-off versus Alan Quine in Devils zone.
17:42 of 3rd period - Wrist shot by Kevin Labanc.
17:42 of 3rd period - Stopped by Calvin Pickard with a rebound.
17:54 of 3rd period - Valeri Nichushkin is hit by Frank Corrado and loses puck.
17:59 of 3rd period - Wrist shot by Evgeny Svechnikov.
17:59 of 3rd period - Goal by Evgeny Svechnikov - Heat : 5 - Devils : 5.
18:00 of 3rd period - Sam Bennett wins face-off versus Ryan Spooner in neutral zone.
18:25 of 3rd period - Sven Baertschi is hit by Philip Varone and loses puck.
18:40 of 3rd period - Snap shot by Valeri Nichushkin.
18:40 of 3rd period - Shot Misses the Net.
18:42 of 3rd period - Wrist shot by Dalton Thrower.
18:42 of 3rd period - Shot Misses the Net.
18:44 of 3rd period - Slapshot by Alan Quine.
18:44 of 3rd period - Shot Blocked by Rasmus Andersson.
19:15 of 3rd period - Icing by Victor Rask.
19:16 of 3rd period - Philip Varone wins face-off versus Reid Boucher in Heat zone.
19:16 of 3rd period - Philip Varone is hit by Conor Garland.
Goals for this period are 2 for Heat vs 2 for Devils.
Shots for this period are 8 for Heat vs 8 for Devils.
Overtime #1
0:01 of 1st overtime period - Sven Baertschi wins face-off versus Victor Rask in neutral zone.
0:50 of 1st overtime period - Snap shot by Nico Sturm.
0:50 of 1st overtime period - Stopped by Calvin Pickard with a rebound.
1:20 of 1st overtime period - Greg Pateryn is hit by Ilya Lyubushkin and loses puck.
1:27 of 1st overtime period - Wrist shot by Sam Bennett.
1:27 of 1st overtime period - Stopped by Michael Hutchinson with a rebound.
1:49 of 1st overtime period - Wrist shot by Philip Varone.
1:49 of 1st overtime period - Shot Misses the Net.
2:19 of 1st overtime period - Brandon Carlo is hit by Peter Cehlarik.
3:48 of 1st overtime period - Slapshot by Frank Corrado.
3:48 of 1st overtime period - Stopped by Calvin Pickard with a rebound.
3:50 of 1st overtime period - Snap shot by Philip Varone.
3:50 of 1st overtime period - Goal by Philip Varone - Heat : 6 - Devils : 5.
Goals for this period are 1 for Heat vs 0 for Devils.
Shots for this period are 3 for Heat vs 1 for Devils.